 Dungeon Crawl Stone Soup version 0.21.1-1-g345015f (webtiles) character file.

203 inc the Digger (level 5, -1/31 HPs)
             Began as an Octopode Earth Elementalist on June 11, 2018.
             Slain by a hound (6 damage)
             ... on level 4 of the Dungeon.
             The game lasted 00:02:35 (2065 turns).

inc the Digger (Octopode Earth Elementalist)        Turns: 2065, Time: 00:02:36

Health: -1/31      AC:  1    Str:  7    XL:     5   Next: 81%
Magic:  1/8        EV: 13    Int: 24    God:
Gold:   76         SH:  0    Dex: 12    Spells: 7/8 levels left

rFire    . . .     SeeInvis .   (no weapon)
rCold    + . .     Gourm    .   (no shield)
rNeg     . . .     Faith    .   (helmet restricted)
rPois    .         Spirit   .   (no amulet)
rElec    .         Reflect  .   m - ring of protection from cold
rCorr    .         Harm     .   (no ring)
MR       .....                  (no ring)
Stlth    +++.......             (no ring)
HPRegen  0.10/turn              (no ring)
MPRegen  0.11/turn              (no ring)
                                (no ring)
                                (no ring)

@: brilliant
A: almost no armour, stealthy swim, amphibious, 8 rings, constrict 8, camouflage
1, gelatinous body 1
a: no special abilities


You were on level 4 of the Dungeon.
You were not hungry.

You visited 1 branch of the dungeon, and saw 3 of its levels.

You collected 76 gold pieces.

Inventory:

Missiles
 b - 59 stones (quivered)
Jewellery
 m - a ring of protection from cold (left tentacle)
Scrolls
 e - a scroll of teleportation {unknown}
 f - 2 scrolls of identify {unknown}
 i - a scroll of blinking {unknown}
 j - a scroll of remove curse {unknown}
 l - a scroll of enchant armour {unknown}
Potions
 a - a potion of curing {unknown}
 g - a potion of brilliance
 h - a potion of degeneration {unknown}
 k - 2 potions of ambrosia {unknown}
 n - a potion of flight {unknown}
 o - a potion of resistance {unknown}
Books
 d - a book of Geomancy

   Spells                             Type                      Level
   a - Sandblast                      Earth                        1
   b - Passwall                       Transmutation/Earth          2
   c - Stone Arrow                    Conjuration/Earth            3
   d - Petrify                        Transmutation/Earth          4
   e - Lee's Rapid Deconstruction     Earth                        5
Comestibles
 c - a ration


   Skills:
 - Level 2.0 Dodging
 - Level 2.6 Stealth
 - Level 2.0 Spellcasting
   Level 1.0 Transmutations
 + Level 6.3 Earth Magic


You had 7 spell levels left.
You knew the following spells:

 Your Spells              Type           Power        Failure   Level  Hunger
a - Sandblast             Erth           #####.       1%          1    #......


Dungeon Overview and Level Annotations

Branches:
Dungeon (2/15)

Altars:


Innate Abilities, Weirdness & Mutations

You cannot wear most types of armour.
You are very stealthy in the water. (Stealth+)
You are amphibious.
You can wear up to eight rings at the same time.
You can use your tentacles to constrict eight enemies at once.
Your skin changes colour to match your surroundings (Stealth+).
Your rubbery body absorbs attacks. (AC +1, EV +1)


Message History

b - 60 stones The hound misses you.
The howler monkey hoots and howls with incredible vigour!
The hound bites you.
* * * LOW HITPOINT WARNING * * *
You hear a shout!
It was a potion of brilliance.
You feel clever all of a sudden. The hound barely misses you.
Okay, then.
Casting: Sandblast
Confirm with . or Enter, or press ? or * to list all spells.
Aiming: Sandblast
Press: ? - help, Shift-Dir - straight line, f - hound
Aim: a hound The blast of sand hits the hound.
The hound is heavily wounded.
b - 59 stones The hound bites you.
You die...

h# ###.### #....?#
#.....# . #.....#
... #.....## #
.....####......##.#
.....'h@h........
.....####....#.#
... #..#...# .
#......# #.###..#
#......# #####.##
#.# #.# ##.## #.#


You could see a howler monkey and a hound.

Vanquished Creatures
  A phantom (D:4)
  A water moccasin skeleton (D:4)
  A centaur skeleton (D:4)
  2 dart slugs (D:1)
  An orc (D:4)
  5 goblins (D:1)
  7 hobgoblins (D:1)
  3 jackals (D:1)
  A ball python (D:1)
  6 bats
  7 kobolds
  2 rats (D:1)
37 creatures vanquished.

Notes
Turn   | Place    | Note
-------+----------+-------------------------------------------
     0 | D:1      | inc the Octopode Earth Elementalist began the quest for the Orb.
     0 | D:1      | Reached XP level 1. HP: 11/11 MP: 3/3
   550 | D:1      | Reached XP level 2. HP: 17/17 MP: 5/5
  1094 | D:1      | Reached skill level 4 in Earth Magic
  1107 | D:1      | Reached XP level 3. HP: 8/21 MP: 6/6
  1754 | D:2      | You fall through a shaft for 2 floors!
  1761 | D:4      | Noticed a phantom
  1791 | D:4      | Killed a phantom
  1791 | D:4      | Reached skill level 5 in Earth Magic
  1791 | D:4      | Reached XP level 4. HP: 6/27 MP: 0/7
  1791 | D:4      | Reached XP level 5. HP: 7/31 MP: 0/8
  2059 | D:4      | Reached skill level 6 in Earth Magic
  2065 | D:4      | Slain by a hound

Skill      XL: |  1  2  3  4  5 |
---------------+----------------+-----
Earth Magic    | 4 5 6 |  6.3
Dodging        | |  2.0
Stealth        | |  2.6
Spellcasting   | |  2.0
Transmutations | |  1.0

Action                   |  1- 3 |  4- 6 || total
-------------------------+-------+-------++-------
Melee: Unarmed           |   104 |     6 ||   110
       Constrict         |    27 |     1 ||    28
       Tentacles         |    16 |     1 ||    17
 Cast: Sandblast         |    15 |    11 ||    26
  Use: Potion            |       |     1 ||     1
 Stab: Sleeping          |     4 |       ||     4
  Eat: Chunk             |     2 |       ||     2
       Ration            |       |     1 ||     1
Armor: Skin              |    10 |     1 ||    11
Dodge: Dodged            |    95 |     9 ||   104
